 Dungeon Crawl Stone Soup version 0.25-a0-785-gb22c70e859 (webtiles) character file.

Game seed: 16961879397981610679, levelgen mode: deterministic

184 MisterFreud the Changer (level 5, -6/33 HPs)
             Began as an Octopode Transmuter on Apr 17, 2020.
             Mangled by a worker ant (7 damage)
             ... on level 4 of the Dungeon.
             The game lasted 00:04:51 (3426 turns).

MisterFreud the Changer (Octopode Transmuter)       Turns: 3426, Time: 00:04:51

Health: -6/33      AC:  1    Str:  8    XL:     5   Next: 63%
Magic:  9/9        EV: 13    Int: 16    God:
Gold:   183        SH:  0    Dex: 12    Spells: 4/10 levels left

rFire    . . .     SeeInvis +     - Unarmed
rCold    + . .     Gourm    .   (no shield)
rNeg     . . .     Faith    .   (helmet restricted)
rPois    .         Spirit   .   (no amulet)
rElec    .         Reflect  .   f - ring of protection from cold
rCorr    +         Harm     .   o - ring of see invisible
MR       +....                  l - ring of resist corrosion
Stlth    ++........             (no ring)
HPRegen  0.11/turn              (no ring)
MPRegen  0.11/turn              (no ring)
                                (no ring)
                                (no ring)

@: lethally poisoned (-6 -> -15)
A: almost no armour, stealthy swim, amphibious, 8 rings, constrict 8, camouflage
1, magic resistance 1, weak 1, gelatinous body 1
a: no special abilities


You were on level 4 of the Dungeon.
You were not hungry.

You visited 1 branch of the dungeon, and saw 4 of its levels.

You collected 183 gold pieces.

Inventory:

Missiles
 a - 32 arrows
 e - 97 stones (quivered)
 h - a throwing net
Jewellery
 f - a ring of protection from cold (left tentacle)
 l - a ring of resist corrosion (on tentacle)
 o - a ring of see invisible (right tentacle)
Scrolls
 b - a scroll of amnesia {unknown}
 d - 3 scrolls of teleportation {unknown}
 g - 2 scrolls of random uselessness {unknown}
 i - 4 scrolls of identify {unknown}
 j - 3 scrolls of remove curse {unknown}
 n - 3 scrolls of immolation {unknown}
 p - a scroll of magic mapping {unknown}
Potions
 m - a potion of berserk rage
Comestibles
 c - 4 rations
 k - 3 chunks of flesh


   Skills:
 + Level 1.0 Fighting
 + Level 2.0 Dodging
 - Level 3.0 Unarmed Combat
 - Level 3.0 Spellcasting
 - Level 5.0 Transmutations


You had 4 spell levels left.
You knew the following spells:

 Your Spells              Type           Power        Failure   Level  Hunger
a - Beastly Appendage     Tmut           ###...       2%          1    #......
b - Sticks to Snakes      Tmut           ###.....     3%          2    ##.....
c - Spider Form           Tmut/Pois      ##........   21%         3    ###....

Your spell library contained the following spells:

 Spells                   Type           Power        Failure   Level  Hunger
 Ice Form                 Ice/Tmut       ##......     54%         4    #####..
 Blade Hands              Tmut           ###.......   54%         5    ######.


Dungeon Overview and Level Annotations

Branches:
Dungeon (4/15)
 Temple: D:4-7

Altars:
Ashenzari


Innate Abilities, Weirdness & Mutations

You cannot wear most types of armour.
You are very stealthy in the water. (Stealth+)
You are amphibious.
You can wear up to eight rings at the same time.
You can use your tentacles to constrict eight enemies at once.
Your skin changes colour to match your surroundings (Stealth+).
Your rubbery body absorbs attacks. (AC +1, EV +1)
You are resistant to hostile enchantments. (MR+)
You are weak. (Str -2)


Message History

* * * LOW HITPOINT WARNING * * *
Okay, then.
You tentacle-slap the worker ant but do no damage.
The worker ant is heavily wounded.
You constrict the worker ant.
* * * LOW HITPOINT WARNING * * *
You feel sick. The worker ant completely misses you.
The worker ant barely misses you.
You tentacle-slap the worker ant but do no damage.
You squeeze the worker ant, but do no damage.
The worker ant is heavily wounded.
You constrict the worker ant.
* * * LOW HITPOINT WARNING * * *
You feel sick. The worker ant barely misses you.
You tentacle-slap the worker ant but do no damage.
The worker ant is severely wounded.
You constrict the worker ant.
* * * LOW HITPOINT WARNING * * *
You feel sick. The worker ant bites you!
You die...

#.....#......
#.....#......
#.....#......
#.....#......
#.....'...###
#.....#...##. .
#.....#......
....#+#########..#...##.
......a@.......########.
...............# #..
...............# ##.
####...........# ##
#.......[...########
#########'##.......#
.........#.......#
.......<.#.......#
.........#.......#


You could see a worker ant.

Vanquished Creatures
  A worker ant (D:4)
  6 adders
  3 worms
  6 dart slugs
  3 leopard geckos
  2 orcs (D:3)
  2 giant cockroaches
  14 goblins
  10 hobgoblins
  3 jackals (D:3)
  4 kobolds
  10 bats
  2 frilled lizards
  12 rats
78 creatures vanquished.

Notes
Turn   | Place    | Note
-------+----------+-------------------------------------------
     0 | D:1      | MisterFreud the Octopode Transmuter began the quest for the
                  | Orb.
     0 | D:1      | Reached XP level 1. HP: 13/13 MP: 3/3
   198 | D:1      | Reached XP level 2. HP: 13/18 MP: 3/5
   218 | D:1      | Learned a level 2 spell: Sticks to Snakes
   457 | D:1      | Reached skill level 3 in Transmutations
   457 | D:1      | Reached XP level 3. HP: 11/23 MP: 4/6
   679 | D:1      | Learned a level 3 spell: Spider Form
  1226 | D:2      | Found a shattered altar of Ashenzari.
  1401 | D:2      | Reached XP level 4. HP: 21/28 MP: 4/8
  1814 | D:2      | Reached skill level 4 in Transmutations
  2135 | D:3      | Gained mutation: You are weak. (Str -2) [potion of
                  | mutation]
  2135 | D:3      | Gained mutation: You are resistant to hostile enchantments.
                  | (MR+) [potion of mutation]
  2140 | D:3      | Reached XP level 5. HP: 4/33 MP: 9/9
  3318 | D:4      | Reached skill level 5 in Transmutations
  3426 | D:4      | HP: 1/33 [poisoned by a worker ant]
  3426 | D:4      | Mangled by a worker ant

Levels and vault maps discovered:
D:1:      dpeg_arrival_court, layout_rooms
D:2:      layout_basic, first_ration, ashenzari_altar_1
D:3:      layout_basic, minmay_unequal
D:4:      layout_gridville, grunt_temple_overflow_lords_of_destruction,
          minmay_crystal_water, uniq_duvessa

Skill      XL: |  1  2  3  4  5 |
---------------+----------------+-----
Transmutations | 3 4 5 |  5.0
Spellcasting   | 3 |  3.0
Fighting       | |  1.0
Dodging        | |  2.0
Unarmed Combat | |  3.0

Action                   |  1- 3 |  4- 6 || total
-------------------------+-------+-------++-------
Melee: Unarmed           |   101 |   105 ||   206
       Constrict         |    30 |    23 ||    53
       Tentacles         |    18 |    17 ||    35
       Kick              |     3 |       ||     3
       Punch             |     1 |     1 ||     2
 Cast: Beastly Appendage |     6 |       ||     6
       Spider Form       |     1 |     3 ||     4
  Use: Potion            |       |     7 ||     7
 Stab: Sleeping          |     1 |     4 ||     5
       Confused          |     1 |       ||     1
       Distracted        |       |     1 ||     1
  Eat: Chunk             |     2 |     7 ||     9
Armor: Skin              |    12 |    10 ||    22
Dodge: Dodged            |    78 |    72 ||   150

Table legend:
 A = Non-vault XP
 B = Vault XP
 C = Vault XP percentage of total XP
 D = Non-vault monster count
 E = Vault monster count
 F = Vault count percentage of total count
                 A         B        C        D         E       F
            +---------+---------+-------+---------+---------+-------
      Total |     246 |      17 |   6.5 |      74 |       4 |   5.1
            +---------+---------+-------+---------+---------+-------
        D:1 |      61 |       0 |   0.0 |      33 |       0 |   0.0
        D:2 |      95 |       0 |   0.0 |      22 |       0 |   0.0
        D:3 |      37 |      17 |  31.5 |      16 |       4 |  20.0
        D:4 |      53 |       0 |   0.0 |       3 |       0 |   0.0
            +---------+---------+-------+---------+---------+-------
